 Dungeon Crawl Stone Soup version 0.28-a0-1524-ge72afd5fc6 (webtiles) character file.

Game seed: 11744303935218941868

487 oldriver the Chopper (level 7, -12/60 HPs)
             Began as a Gnoll Cinder Acolyte on Jan 17, 2022.
             Was a High Priest of Ignis.
             Mangled by Duvessa (17 damage)
             ... on level 4 of the Dungeon.
             The game lasted 00:08:24 (6494 turns).

oldriver the Chopper (Gnoll Cinder Acolyte)         Turns: 6494, Time: 00:08:25

Health: -12/60     AC:  3    Str: 16    XL:     7   Next: 13%
Magic:  3/12       EV: 11    Int: 19    God:    Ignis [*****.]
Gold:   162        SH:  0    Dex:  7    Spells: 8/13 levels left

rFire   + . .      SeeInvis .   h - +2 short sword (drain)
rCold   . . .      Faith    .   (no shield)
rNeg    . . .      Spirit   .   j - +0 leather armour
rPois   .          Reflect  .   (no helmet)
rElec   .          Harm     .   (no cloak)
rCorr   .          Rampage  .   (no gloves)
Will    .....                   (no boots)
Stlth   +.........              (no amulet)
HPRegen 0.20/turn               d - +6 ring of intelligence
MPRegen 0.13/turn               k - ring of wizardry

@: no status effects
A: fangs 1, strong nose, distributed training
a: Renounce Religion, Fiery Armour, Foxfire Swarm, Rising Flame


You were on level 4 of the Dungeon.
You worshipped Ignis.
Ignis was extremely pleased with you.
You visited 1 branch of the dungeon, and saw 5 of its levels.

You collected 162 gold pieces.

Inventory:

Hand Weapons
 h - a +2 short sword of draining (weapon)
Missiles
 b - 2 boomerangs
Armour
 j - a +0 leather armour (worn)
Jewellery
 d - a +6 ring of intelligence (left hand)
 i - a ring of fire
 k - a ring of wizardry (right hand)
 n - a ring of see invisible
 p - a ring of protection from cold
Wands
 m - a wand of flame (25)
 r - a wand of charming (10)
Scrolls
 a - 5 scrolls of teleportation {unknown}
 e - a scroll of noise {unknown}
 f - a scroll of enchant weapon {unknown}
 l - 2 scrolls of identify
 o - a scroll of blinking {unknown}
 q - a scroll of magic mapping {unknown}
 s - a scroll of silence
Potions
 c - a potion of invisibility {unknown}
 g - a potion of curing {unknown}


   Skills:
 + Level 7.0 Fighting
 + Level 2.3 Short Blades
 + Level 2.3 Long Blades
 + Level 7.0 Axes
 + Level 2.3 Maces & Flails
 + Level 2.3 Polearms
 + Level 2.3 Staves
 + Level 2.3 Slings
 + Level 2.3 Bows
 + Level 2.3 Crossbows
 + Level 2.3 Throwing
 + Level 2.3 Armour
 + Level 2.3 Dodging
 + Level 2.3 Stealth
 + Level 2.3 Shields
 + Level 2.3 Unarmed Combat
 + Level 3.6 Spellcasting
 + Level 1.8 Conjurations
 + Level 1.8 Hexes
 + Level 1.8 Summonings
 + Level 1.8 Necromancy
 + Level 1.8 Translocations
 + Level 1.8 Transmutations
 + Level 5.8 Fire Magic
 + Level 1.8 Ice Magic
 + Level 1.8 Air Magic
 + Level 1.8 Earth Magic
 + Level 1.8 Poison Magic
 + Level 2.5 Invocations
 + Level 2.3 Evocations


You had 8 spell levels left.
You knew the following spells:

 Your Spells              Type           Power      Damage    Failure   Level
a - Scorch                Fire           50%        2d7       1%          2
b - Blink                 Tloc           20%        N/A       4%          2
c - Foxfire               Conj/Fire      72%        2x1d7     1%          1

Your spell library contained the following spells:

 Spells                   Type           Power      Damage    Failure   Level
 Portal Projectile        Hex/Tloc       20%        N/A       10%         3
 Freezing Cloud           Conj/Ice/Air   5%         6-21      61%         5
 Chain Lightning          Conj/Air       5%         3d6       100%        9


Dungeon Overview and Level Annotations

Branches:
Dungeon (5/15)             Temple (0/1) D:4

Altars:
Kikubaaqudgha
Qazlal
Ru
Trog
Uskayaw
The Shining One

Annotations:
D:4 exclusion: oklob sapling, Duvessa


Innate Abilities, Weirdness & Mutations

You have very sharp teeth.
Your uncanny sense of smell can sniff out nearby items.
Your experience applies equally to all skills.


Message History

The foxfire hits Duvessa but does no damage.
Duvessa is moderately wounded.
The foxfire hits Duvessa but does no damage.
Duvessa is moderately wounded.
The foxfire hits Duvessa.
Duvessa is moderately wounded.
The foxfire hits Duvessa.
Duvessa is moderately wounded.
The foxfire hits Duvessa.
Duvessa is moderately wounded.
The foxfire hits Duvessa but does no damage.
Duvessa is moderately wounded.
The foxfire hits Duvessa.
Duvessa is heavily wounded.
The foxfire hits Duvessa but does no damage.
Duvessa is heavily wounded.
The foxfire hits Duvessa but does no damage.
Duvessa is heavily wounded.
The foxfire hits Duvessa but does no damage.
Duvessa is heavily wounded.
The foxfire hits Duvessa but does no damage.
Duvessa is heavily wounded.
You are too injured to fight recklessly!
You are too injured to fight recklessly!
You hit Duvessa. You drain Duvessa.
Duvessa is heavily wounded.
You feel stable enough to blink again. Duvessa barely misses you.
You puncture Duvessa!
Duvessa is heavily wounded.
Duvessa hits you with a +0 rapier!
* * * LOW HITPOINT WARNING * * *
Duvessa hits you with a +0 rapier!
* * * LOW HITPOINT WARNING * * *
Unknown command.
As you read the scroll labelled BUHEAS XORE, it crumbles to dust.
It is a scroll of identify.
s - a scroll of silence Duvessa hits you with a +0 rapier!
You die... .....###......P.PP...# ..#...##..#....PPPP..# ..#.#.##.[##.PPPPP.P.# ....#.##..##..P.>PPP.# ..........##..PP..P.## #.....###.# #..PPPP

#####.....# #.P..
#.##.## #...## #.##.#
#..@## ####.##.# #..e.#
##.......### ##...#
..###.##...# #...## ..#
#.##...#####...## ###
..#
#...............#####.##
..#
####...######..........#
..#
#.......#####..........#
..#
#.......##.......♣♣♣^..#


You could see Duvessa (berserk, drained).

Vanquished Creatures
  2 phantoms (D:4)
  A hound (D:4)
  An orc wizard (D:4)
  8 gnolls
  6 adders
  An ufetubus (D:4)
  An adder skeleton (D:4)
  3 worms
  4 dart slugs
  4 orcs (D:4)
  6 endoplasms
  3 giant cockroaches
  4 hobgoblins
  6 kobolds
  4 quokkas
  7 ball pythons
  4 bats
  6 frilled lizards
  9 goblins
  4 rats
84 creatures vanquished.

Vanquished Creatures (collateral kills)
  Dowan (D:5)
1 creature vanquished.

Vanquished Creatures (others)
  15 foxfires (D:4)
  16 plants (D:2)
31 creatures vanquished.

Grand Total: 116 creatures vanquished

Notes
Turn   | Place    | Note
-------+----------+-------------------------------------------
     0 | D:1      | oldriver the Gnoll Cinder Acolyte began the quest for the
                  | Orb.
     0 | D:1      | Reached XP level 1. HP: 23/23 MP: 4/4
   421 | D:1      | Reached XP level 2. HP: 18/29 MP: 5/5
  1056 | D:1      | Learned a level 2 spell: Scorch
  1518 | D:1      | Reached XP level 3. HP: 35/35 MP: 4/7
  1936 | D:2      | Reached skill level 1 in Invocations
  2083 | D:2      | Got the Catalogue of Displaced Confrontation
  2458 | D:2      | Reached skill level 1 in Short Blades
  2458 | D:2      | Reached skill level 1 in Long Blades
  2458 | D:2      | Reached skill level 1 in Maces & Flails
  2458 | D:2      | Reached skill level 1 in Polearms
  2458 | D:2      | Reached skill level 1 in Staves
  2458 | D:2      | Reached skill level 1 in Slings
  2458 | D:2      | Reached skill level 1 in Bows
  2458 | D:2      | Reached skill level 1 in Crossbows
  2458 | D:2      | Reached skill level 1 in Throwing
  2458 | D:2      | Reached skill level 1 in Armour
  2458 | D:2      | Reached skill level 1 in Dodging
  2458 | D:2      | Reached skill level 1 in Stealth
  2458 | D:2      | Reached skill level 1 in Shields
  2458 | D:2      | Reached skill level 1 in Unarmed Combat
  2458 | D:2      | Reached skill level 1 in Evocations
  2648 | D:2      | Reached XP level 4. HP: 36/41 MP: 3/8
  3248 | D:2      | Reached skill level 1 in Conjurations
  3248 | D:2      | Reached skill level 1 in Hexes
  3248 | D:2      | Reached skill level 1 in Summonings
  3248 | D:2      | Reached skill level 1 in Necromancy
  3248 | D:2      | Reached skill level 1 in Translocations
  3248 | D:2      | Reached skill level 1 in Transmutations
  3248 | D:2      | Reached skill level 1 in Ice Magic
  3248 | D:2      | Reached skill level 1 in Air Magic
  3248 | D:2      | Reached skill level 1 in Earth Magic
  3248 | D:2      | Reached skill level 1 in Poison Magic
  3621 | D:3      | Found a glowing golden altar of the Shining One.
  3621 | D:3      | Found an ancient bone altar of Kikubaaqudgha.
  3621 | D:3      | Found a bloodstained altar of Trog.
  3621 | D:3      | Found a stormy altar of Qazlal.
  3629 | D:3      | Found a sacrificial altar of Ru.
  3634 | D:3      | Found a hide-covered altar of Uskayaw.
  3826 | D:3      | Reached XP level 5. HP: 47/47 MP: 6/9
  4200 | D:3      | Found a faded altar of an unknown god.
  5394 | D:4      | Noticed a phantom
  5402 | D:4      | Killed a phantom
  5403 | D:4      | Reached XP level 6. HP: 53/53 MP: 1/11
  5592 | D:4      | Found a staircase to the Ecumenical Temple.
  5597 | D:4      | Learned a level 2 spell: Blink
  5924 | D:4      | Reached XP level 7. HP: 45/59 MP: 2/12
  6320 | D:5      | Entered Level 5 of the Dungeon
  6332 | D:5      | Noticed Dowan
  6334 | D:5      | Noticed Duvessa
  6406 | D:4      | Learned a level 1 spell: Foxfire
  6472 | D:5      | Killed Dowan
  6494 | D:4      | Mangled by Duvessa

Illustrated notes

Levels and vault maps discovered:
D:1:      dpeg_arrival_rooms_with_view, layout_basic
D:2:      layout_basic, nicolae_grassy_gnolls
D:3:      layout_basic, minmay_overflow_temple_hex,
          chequers_ecumenical_altar_island
D:4:      layout_basic, minmay_temple_entry_oklob, chequers_garden,
          nicolae_underground_beach
D:5:      layout_cave_pools, nemelex_spade_bored_becter, uniq_grinder,
          uniq_duvessa, uniq_eustachio, uniq_crazy_yiuf_cottage

Skill      XL: |  1  2  3  4  5  6  7 |
---------------+----------------------+-----
Invocations    | 1 2 |  2.5
Short Blades   | 1 2 |  2.3
Long Blades    | 1 2 |  2.3
Maces & Flails | 1 2 |  2.3
Polearms       | 1 2 |  2.3
Staves         | 1 2 |  2.3
Slings         | 1 2 |  2.3
Bows           | 1 2 |  2.3
Crossbows      | 1 2 |  2.3
Throwing       | 1 2 |  2.3
Armour         | 1 2 |  2.3
Dodging        | 1 2 |  2.3
Stealth        | 1 2 |  2.3
Shields        | 1 2 |  2.3
Unarmed Combat | 1 2 |  2.3
Evocations     | 1 2 |  2.3
Spellcasting   | 3 |  3.6
Conjurations   | 1 |  1.8
Hexes          | 1 |  1.8
Summonings     | 1 |  1.8
Necromancy     | 1 |  1.8
Translocations | 1 |  1.8
Transmutations | 1 |  1.8
Ice Magic      | 1 |  1.8
Air Magic      | 1 |  1.8
Earth Magic    | 1 |  1.8
Poison Magic   | 1 |  1.8
Fighting       | 7 |  7.0
Axes           | 7 |  7.0
Fire Magic     | |  5.8

Action                   |  1- 3 |  4- 6 |  7- 9 || total
-------------------------+-------+-------+-------++-------
Melee: Hand axe          |    45 |       |       ||    45
       Bite              |     3 |     3 |       ||     6
       Dagger            |     7 |       |       ||     7
       Short sword       |       |    28 |     3 ||    31
       Punch             |       |     1 |       ||     1
Throw: Boomerang         |       |       |     1 ||     1
 Cast: Scorch            |    20 |    65 |     8 ||    93
       Foxfire           |       |       |     2 ||     2
       Blink             |       |       |     1 ||     1
Invok: Foxfire Swarm     |       |       |     1 ||     1
Evoke: Wand              |       |       |     1 ||     1
  Use: Scroll            |       |       |     1 ||     1
Armor: Robe              |     4 |     2 |       ||     6
       Leather armour    |       |     7 |       ||     7
Dodge: Dodged            |    27 |    28 |     4 ||    59

Table legend: (Time is in decaauts)
 A = Elapsed time spent in this place.
 B = Non-inter-level travel time spent in this place.
 C = Inter-level travel time spent in this place.
 D = Time resting spent in this place.
 E = Time spent auto-exploring this place.
 F = Levels seen in this place.
 G = Mean time per level.
                   A        B        C        D        E       F      G
               +--------+--------+--------+--------+--------+-----+--------+
         Total |   6500 |   6180 |    320 |   1748 |   3655 |   5 | 1300.0 |
       Dungeon |   6500 |   6180 |    320 |   1748 |   3655 |   5 | 1300.0 |
               +--------+--------+--------+--------+--------+-----+--------+

Top non-repeatable levels by time:
     D:3: 1962 daAuts
     D:1: 1839 daAuts
     D:2: 1719 daAuts
     D:4: 927 daAuts
     D:5: 52 daAuts
